 Dungeon Crawl Stone Soup version 0.27-a0-1548-gf8a67e7463 (webtiles) character file.

Game seed: 17337149371826753752

3 Brozuf the Ruffian (level 1, 0/18 HPs)
             Began as a Naga Transmuter on July 14, 2021.
             Slain by a goblin (2 damage)
             ... on level 1 of the Dungeon.
             The game lasted 00:00:26 (219 turns).

Brozuf the Ruffian (Naga Transmuter)                 Turns: 219, Time: 00:00:27

Health: 0/18       AC:  1    Str: 12    XL:     1   Next: 50%
Magic:  2/3        EV:  9    Int: 13    God:
Gold:   12         SH:  0    Dex: 11    Spells: 3/4 levels left

rFire    . . .     SeeInvis +     - Unarmed
rCold    . . .     Faith    .   (no shield)
rNeg     . . .     Spirit   .   a - +0 robe
rPois    +         Reflect  .   (helmet currently unavailable)
rElec    .         Harm     .   (no cloak)
rCorr    .         Rampage  .   (no gloves)
Will     .....                  (no barding)
Stlth    +.........             (no amulet)
HPRegen  0.06/turn              (no ring)
MPRegen  0.08/turn              (no ring)

@: appendages (expiring), very slow
A: horns 2, AC +0, large, see invisible, deformed body, poison resistance,
slowness 2, spit poison 1, naga tail 1
a: Spit Poison, End Transformation


You were on level 1 of the Dungeon.
You had temporarily grown beastly horns.
You visited 1 branch of the dungeon, and saw 1 of its levels.

You collected 12 gold pieces.

Inventory:

Armour
 a - a +0 robe (worn)
Potions
 b - a potion of resistance {unknown}


   Skills:
 + Level 1.1 Fighting
 - Level 1.5 Dodging
 + Level 3.0 Unarmed Combat
 + Level 2.0 Spellcasting
 * Level 2.1 Transmutations


You had 3 spell levels left.
You knew the following spells:

 Your Spells              Type           Power      Damage    Failure   Level
a - Beastly Appendage     Tmut           12%        N/A       11%         1

Your spell library contained the following spells:

 Spells                   Type           Power      Damage    Failure   Level
 Wereblood                Tmut           6%         N/A       16%         2
 Spider Form              Tmut/Pois      2%         N/A       43%         3
 Ice Form                 Ice/Tmut       4%         N/A       85%         4


Dungeon Overview and Level Annotations

Branches:
Dungeon (1/15)

Altars:


Innate Abilities, Weirdness & Mutations

You have temporarily grown beastly horns.
Your serpentine skin is tough. (AC +0)
You have supernaturally acute eyesight. (SInv)
Armour fits poorly on your strangely shaped body.
Your system is resistant to poisons. (rPois)
You cover ground very slowly.
You can spit poison.
You have a snake-like lower body.


Message History

You see here an orange potion.
An endoplasm is nearby!
An endoplasm is nearby!
The endoplasm quivers.
You see here an orange potion.
There are no items here.
You see here an orange potion.
b - an orange potion
Casting: Beastly Appendage (safe; 11% risk of failure)
You grow a pair of large bovine horns.
You hit the endoplasm.
You kill the endoplasm!
No target in view!
Your transformation is almost over.
Magic restored.
A bat comes into view.
A bat is nearby!
Casting: Beastly Appendage (safe; 11% risk of failure)
You extend your transformation's duration.
Your transformation is almost over.
A goblin comes into view. It is wielding a +0 club.
Found 23 stones.
The goblin shouts!
The bat hits you but does no damage.
A hobgoblin comes into view.
The hobgoblin shouts!
You hit the bat. The bat hits you. The bat barely misses you.
The bat misses you. The bat hits you.
Your horns disappear.
The bat hits you. The bat hits you. x2
Casting: Beastly Appendage (safe; 11% risk of failure)
You grow a pair of large bovine horns.
The bat hits you.
Your transformation is almost over.
The bat closely misses you. The goblin hits you with a +0 club.
* * * LOW HITPOINT WARNING * * *
Unknown command.
You are too injured to fight recklessly!
You are too injured to fight recklessly!
You are too injured to fight recklessly!
You are too injured to fight recklessly!
You barely miss the goblin. Your headbutt misses the goblin.
The bat hits you but does no damage. The goblin barely misses you.
The bat hits you.
* * * LOW HITPOINT WARNING * * *
The goblin barely misses you. The hobgoblin hits you.
* * * LOW HITPOINT WARNING * * *
You closely miss the goblin. The goblin hits you with a +0 club.
You die...

........... .##.
#.........###.#..##
..................
.................
#......##.#.#.#
#......##.#.#.#
##.####b......# .#
# #gg.....# #.#
#@......# #.#
#.......####.#
#..........#.#
#..........#.#####
###..............#
#.......)......#
#.####.........#
#.#########..###
#.#<# ##.#


You could see a hobgoblin, a goblin and a bat.

Vanquished Creatures
  An endoplasm (D:1)
  A quokka (D:1)
  A kobold (D:1)
3 creatures vanquished.

Notes
Turn   | Place    | Note
-------+----------+-------------------------------------------
     0 | D:1      | Brozuf the Naga Transmuter began the quest for the Orb.
     0 | D:1      | Reached XP level 1. HP: 18/18 MP: 3/3
   219 | D:1      | Slain by a goblin

Illustrated notes

Levels and vault maps discovered:
D:1:      lemuel_arrival_cross, layout_basic, shapermc_ecumenical_altar_venn,
          minmay_misc_feat_plants

Action                   || total
-------------------------++-------
Melee: Unarmed           ||    11
       Headbutt          ||     2
 Cast: Beastly Appendage ||     5
Armor: Robe              ||     2
Dodge: Dodged            ||     8

Table legend: (Time is in decaauts)
 A = Elapsed time spent in this place.
 B = Non-inter-level travel time spent in this place.
 C = Inter-level travel time spent in this place.
 D = Time resting spent in this place.
 E = Time spent auto-exploring this place.
 F = Levels seen in this place.
 G = Mean time per level.
                   A        B        C        D        E       F      G
               +--------+--------+--------+--------+--------+-----+--------+
         Total |    260 |    260 |      0 |     29 |    162 |   1 |  260.0 |
       Dungeon |    260 |    260 |      0 |     29 |    162 |   1 |  260.0 |
               +--------+--------+--------+--------+--------+-----+--------+

Top non-repeatable levels by time:
     D:1: 260 daAuts
